 Dungeon Crawl Stone Soup version 0.30-a0-272-gf98c3da03f (webtiles) character file.

Game seed: 253649596919796944

178812 greasedhog the Warrior (level 17, -8/168 HPs)
             Began as a Minotaur Fighter on Oct 15, 2022.
             Was a High Priest of Okawaru.
             Mangled by a two-headed ogre
             ... wielding a +0 giant spiked club
              (13 damage)
             ... while paralysed by an ogre mage
             ... on level 15 of the Dungeon on Oct 16, 2022.
             The game lasted 00:41:14 (24213 turns).

greasedhog the Warrior (Minotaur Fighter)          Turns: 24213, Time: 00:41:14

Health: -8/168     AC: 24    Str: 26    XL:     17   Next: 59%
Magic:  22/22      EV:  2    Int:  7    God:    Okawaru [*****.]
Gold:   1716       SH:  0    Dex:  8    Spells: 16/16 levels left

rFire   + . .      SeeInvis .    a - +9 broad axe (freeze)
rCold   + + .      Faith    .    K - +1 buckler of Piqergh {rC+}
rNeg    + . .      Spirit   .    L - +1 plate armour {rN+}
rPois   +          Reflect  .    e - +0 hat of Fufoweq {rElec rPois rC++ Dex-3}
rElec   +          Harm     .    v - scarf {repulsion}
rCorr   .          Rampage  .    f - +1 pair of gloves
Will    +....                    B - +0 pair of boots
Stlth   ..........               W - amulet of regeneration
HPRegen 1.28/turn                T - ring of fire
MPRegen 0.18/turn                V - +4 ring of slaying

@: paralysed, heroic, studying 2 skills, repel missiles
A: horns 2, retaliatory headbutt
a: Renounce Religion, Heroism, Finesse, Duel


You were on level 15 of the Dungeon.
You worshipped Okawaru.
Okawaru was extremely pleased with you.
You visited 4 branches of the dungeon, and saw 23 of its levels.
You also visited: Ossuary and Bailey.

You collected 4693 gold pieces.
You spent 2977 gold pieces at shops.

Inventory:

Hand Weapons
 a - a +9 broad axe of freezing (weapon)
 b - a +2 demon whip of venom
 Y - a +4 spectral broad axe
Missiles
 l - 13 curare-tipped darts (quivered)
 R - 9 throwing nets
Armour
 e - the +0 hat of Fufoweq (worn) {rElec rPois rC++ Dex-3}
   (Okawaru gifted it to you on level 1 of the Orcish Mines)

   Dex:       It affects your dexterity (-3).
   rC:        It greatly protects you from cold.
   rElec:     It insulates you from electricity.
   rPois:     It protects you from poison.
 f - a +1 pair of gloves (worn)
 v - a scarf of repulsion (worn)
 B - a +0 pair of boots (worn)
 K - the +1 buckler of Piqergh (worn) {rC+}
   (Okawaru gifted it to you on level 5 of the Lair of Beasts)

   rC:        It protects you from cold.
 L - a +1 plate armour of positive energy (worn)
Jewellery
 c - a ring of protection from fire
 g - a ring of protection from cold
 w - a ring of willpower
 C - a ring of see invisible
 J - the ring "Samuz" {rElec rPois rF- rCorr SInv}
   (You found it on level 13 of the Dungeon)

   [ring of resist corrosion]

   rF:        It makes you vulnerable to fire.
   rElec:     It insulates you from electricity.
   rPois:     It protects you from poison.
   SInv:      It lets you see invisible.
   rCorr:     It protects you from acid and corrosion.
 T - a ring of fire (left hand)
 V - a +4 ring of slaying (right hand)
 W - an amulet of regeneration (around neck)
Wands
 y - a wand of roots (16)
 D - a wand of mindburst (14)
 N - a wand of digging (24)
 S - a wand of flame (48)
Scrolls
 m - 4 scrolls of amnesia
 n - 9 scrolls of teleportation
 o - 9 scrolls of blinking
 q - 3 scrolls of fear
 s - 4 scrolls of fog
 x - 6 scrolls of magic mapping
 G - a scroll of silence
 I - 3 scrolls of enchant armour
 O - a scroll of poison
 U - 3 scrolls of enchant weapon
Potions
 d - 2 potions of might
 h - a potion of invisibility
 i - 3 potions of cancellation
 j - 5 potions of heal wounds
 k - 4 potions of flight
 p - 3 potions of lignification
 r - 9 potions of curing
 u - 6 potions of mutation
 z - 4 potions of attraction
 A - 3 potions of resistance
 E - 4 potions of haste
 H - 2 potions of brilliance
 P - 3 potions of magic
 Q - 2 potions of ambrosia
 X - a potion of berserk rage
Miscellaneous
 F - a condenser vane


   Skills:
 * Level 19.1(24.1) Fighting
 - Level 18.0(23.0) Axes
 * Level 13.6(18.6) Armour
 - Level 10.4(15.4) Dodging
 - Level 10.0(15.0) Shields
 * Level 13.7(18.7) Unarmed Combat
 * Level 8.5 Invocations
 - Level 5.1 Evocations


You had 16 spell levels left.
You didn't know any spells.
Your spell library contained the following spells:

 Spells                   Type           Power      Damage    Failure   Level
 Apportation              Tloc           0%         N/A       96%         1
 Beastly Appendage        Tmut           0%         N/A       96%         1
 Magic Dart               Conj           0%         1d3       96%         1
 Blink                    Tloc           0%         N/A       99%         2
 Searing Ray              Conj           0%         2d4       99%         2
 Sublimation of Blood     Necr           0%         N/A       99%         2
 Wereblood                Tmut           0%         N/A       99%         2
 Ignite Poison            Fire/Tmut/Pois 0%         N/A       100%        3
 Inner Flame              Hex/Fire       0%         N/A       100%        3
 Kindle Blastsparks       Fire/Tloc/Air  0%         2d10      100%        3
 Portal Projectile        Hex/Tloc       0%         N/A       100%        3
 Spider Form              Tmut/Pois      0%         N/A       100%        3
 Airstrike                Air            0%         2d(0-16)  100%        4
 Cause Fear               Hex            0%         N/A       100%        4
 Fulminant Prism          Conj/Hex       0%         3d6       100%        4
 Manifold Assault         Tloc           0%         N/A       100%        4
 Petrify                  Tmut/Erth      0%         N/A       100%        4
 Alistair's Intoxication  Tmut/Pois      0%         N/A       100%        5
 Blade Hands              Tmut           0%         N/A       100%        5
 Borgnjor's Vile Clutch   Necr/Erth      0%         N/A       100%        5
 Freezing Cloud           Conj/Ice/Air   0%         6-21      100%        5
 Irradiate                Conj/Tmut      0%         3d11      100%        5
 Lightning Bolt           Conj/Air       0%         1d11      100%        5
 Metabolic Englaciation   Hex/Ice        0%         N/A       100%        5
 Statue Form              Tmut/Erth      0%         N/A       100%        6
 Storm Form               Tmut/Air       0%         N/A       100%        7
 Discord                  Hex            0%         N/A       100%        8
 Chain Lightning          Conj/Air       0%         N/A       100%        9
 Fire Storm               Conj/Fire      0%         5d1       100%        9
 Shatter                  Erth           0%         3d5*      100%        9
 Tukima's Dance           Hex            Unusable   N/A       N/A         3
 Animate Dead             Necr           Unusable   N/A       N/A         4
 Summon Lightning Spire   Summ/Air       Unusable   N/A       N/A         4
 Death Channel            Necr           Unusable   N/A       N/A         6

Dungeon Overview and Level Annotations

Branches:
Dungeon (15/15)            Temple (1/1) D:5            Lair (5/5) D:10
  Swamp (0/4) Lair:3       Spider (0/4) Lair:2        Slime (0/5) Lair:4
    Orc (2/2) D:11            Elf (0/3) Orc:2        Vaults (0/5) D:13
Ossuary (visited)          Bailey (visited)
 Depths: D:15

Altars:
Ashenzari
Cheibriados
Dithmenos
Elyvilon
Fedhas
Gozag
Hepliaklqana
Kikubaaqudgha
Makhleb
Nemelex Xobeh
Okawaru
Qazlal
Ru
Sif Muna
Trog
Uskayaw
Vehumet
Wu Jian
Xom
Yredelemnul
Zin
The Shining One

Shops:
Orc:2 !??*

Portals:
Trove: D:10 (give 2 scrolls of acquirement)


Innate Abilities, Weirdness & Mutations

You have a pair of horns on your head.
You reflexively headbutt those who attack you in melee.


Message History

You slash the white ugly thing! You freeze the white ugly thing.
The white ugly thing is almost dead.
The white ugly thing closely misses you.
You furiously retaliate!
You headbutt the white ugly thing.
You hit the white ugly thing but do no damage.
Your headbutt misses the white ugly thing.
The white ugly thing is almost dead.
You slice the white ugly thing!! You freeze the white ugly thing.
You kill the white ugly thing!
Okawaru accepts your kill. Something hits you!
* * * LOW HITPOINT WARNING * * *
The two-headed ogre hits you with a +0 giant spiked club!!
* * * LOW HITPOINT WARNING * * *
You block the two-headed ogre's attack. Something hits you but does no damage.
You slice the two-headed ogre!! You freeze the two-headed ogre.
You headbutt the two-headed ogre!
The two-headed ogre is heavily wounded.
You slash the ogre! You freeze the ogre. You slash something!
You freeze something.
You hear two shouts!
The ogre barely misses you.
The two-headed ogre completely misses you.
You block the two-headed ogre's attack.
A two-headed ogre comes into view.
It is wielding a +0 giant spiked club and a +0 giant club.
You slice the two-headed ogre!! You freeze the two-headed ogre.
The two-headed ogre is almost dead.
You slash something! You freeze something. You slice the ogre!!
You freeze the ogre.
You kill the ogre!
Okawaru accepts your kill.
The two-headed ogre hits you but does no damage.
The two-headed ogre closely misses you.
You hear some strange, mumbled words.
You suddenly lose the ability to move!
The two-headed ogre hits you with a +0 giant spiked club!
* * * LOW HITPOINT WARNING * * *
The two-headed ogre barely misses you. Something hits you but does no damage.
The two-headed ogre hits you with a +0 giant spiked club!
You die...

#...#..#
#..###.#
##..#..#
#......#
##......#
#..(#...#
##..#)..#
#..#...#
#....@.#
#...).O#
#.##...#
#.#.#..#
#..##..#
#.....O#
#..†...#
#..#...#
##.....#


You could see 2 two-headed ogres.

Vanquished Creatures
  Kirke (D:12)
  A sphinx (D:13)
  Gastronok (D:12)
  A shadow dragon (D:13)
  A storm dragon (D:13)
  Roxanne (Arena)
  A frost giant (D:13)
  2 orc warlords
  The ghost of Lennethare the Lord of Darkness, a journeyman DrNe of Kikubaaqudgha (Lair:4)
  2 fire dragons
  The ghost of jejorda2 the Carver, a journeyman MfBe of Trog (D:12)
  5 vault guards (D:13)
  A rakshasa (D:13)
  A yaktaur captain (D:13)
  10 hydras
  Fannar (D:12)
  Harold (Orc:1)
  8 two-headed ogres
  9 centaur warriors
  2 boulder beetles (D:13)
  Erica (D:10)
  A death yak (Lair:4)
  2 orc high priests
  A deep troll earth mage (D:13)
  Sonja (Lair:3)
  A deep elf knight (D:13)
  2 goliath frogs (Lair:5)
  Amaemon (D:11)
  Lodul (D:11)
  2 deep elf archers (D:13)
  A swamp dragon (Lair:3)
  11 orc knights
  A harpy (D:12)
  A deep elf pyromancer (D:13)
  5 cyclopes
  8 orc sorcerers
  2 oklob plants (Lair:5)
  4 manticores
  9 ugly things
  4 slime creatures (D:13)
  2 moths of wrath (D:12)
  14 elephants
  4 black mambas
  14 cane toads
  2 gargoyles
  An orange demon (D:11)
  3 komodo dragons
  An efreet (D:14)
  A tengu conjurer (D:13)
  7 rime drakes
  A polar bear (Lair:5)
  7 trolls
  3 tyrant leeches (Lair:5)
  A hornet (shapeshifter) (D:14)
  9 saltlings (Orc:2)
  Prince Ribbit (D:6)
  21 blink frogs
  A hornet (D:9)
  Sigmund (D:2)
  A culicivora (shapeshifter) (D:15)
  A water elemental (D:14)
  A spriggan (shapeshifter) (D:13)
  An air elemental (D:14)
  A vampire (D:9)
  2 wraiths
  2 shadows
  6 wyverns
  54 yaks
  Eustachio (D:4)
  A fire elemental (D:14)
  2 basilisks
  3 hogs
  11 vampire mosquitoes
  7 wargs
  4 acid dragons
  15 water moccasins
  Duvessa (D:7)
  2 sky beasts
  2 ice beasts
  25 orc warriors
  5 black bears
  10 ogres
  24 wolves
  21 centaurs
  2 phantoms (D:6)
  7 kobold brigands
  An earth elemental (D:14)
  Blork the orc (D:6)
  3 necrophages
  14 bullfrogs
  2 gnoll sergeants
  3 scorpions
  Dowan (D:7)
  7 wights
  4 killer bees (D:8)
  A howler monkey (D:6)
  2 centaur zombies (Ossuary)
  A human zombie (Ossuary)
  6 jellies
  2 gnoll boudas
  5 hounds
  6 orc priests
  6 iguanas
  7 orc wizards
  15 hell rats
  A boggart simulacrum (D:15)
  3 mummies
  11 gnolls
  9 adders
  A white imp (D:8)
  2 ufetubi (D:5)
  3 worms
  5 dart slugs
  69 orcs
  7 ball pythons
  2 bats (D:1)
  5 endoplasms
  4 giant cockroaches
  3 gnoll zombies (Ossuary)
  12 goblins
  10 hobgoblins
  17 jackals
  3 quokkas
  3 frilled lizards
  4 goblin zombies (Ossuary)
  2 hobgoblin zombies (Ossuary)
  32 kobolds
  2 orc zombies (Ossuary)
  11 rats
  20 pillars of salt (Orc:2)
744 creatures vanquished.

Vanquished Creatures (others)
  2 deep troll earth magi (D:13)
  27 fungi
  A pillar of salt (Orc:2)
  110 plants
140 creatures vanquished.

Grand Total: 884 creatures vanquished

Notes
Turn   | Place    | Note
-------+----------+-------------------------------------------
     0 | D:1      | greasedhog the Minotaur Fighter began the quest for the
                  | Orb.
     0 | D:1      | Reached XP level 1. HP: 19/19 MP: 0/0
    33 | D:1      | Reached XP level 2. HP: 21/27 MP: 1/1
   269 | D:1      | Reached skill level 4 in Fighting
   484 | D:1      | Reached XP level 3. HP: 33/33 MP: 2/2
   855 | D:1      | Found a faded altar of an unknown god.
   978 | D:2      | Found an ornate altar of the Wu Jian Council.
  1017 | D:2      | Noticed Sigmund
  1026 | D:2      | Killed Sigmund
  1027 | D:2      | Reached XP level 4. HP: 38/41 MP: 3/3
  1027 | D:2      | Reached XP level 5. HP: 44/47 MP: 4/4
  1056 | D:2      | Reached skill level 5 in Fighting
  1079 | D:2      | Reached skill level 5 in Armour
  1150 | D:2      | Reached skill level 5 in Shields
  1298 | D:2      | Identified the +5 sling of Boocumai {vorpal, rPois rN+}
  1634 | D:3      | Reached XP level 6. HP: 56/56 MP: 5/5
  1682 | D:3      | Identified the +0 ring mail of Responsibility {Will+ Str+2}
  1746 | D:3      | Identified a scroll of acquirement
  1749 | D:3      | Acquired a +1 broad axe of freezing
  2039 | D:4      | Noticed Eustachio
  2081 | D:4      | Killed Eustachio
  2409 | D:4      | Reached skill level 5 in Axes
  2409 | D:4      | Reached XP level 7. HP: 62/62 MP: 6/6
  2794 | D:5      | Entered Level 5 of the Dungeon
  2831 | D:5      | Found a staircase to the Ecumenical Temple.
  2845 | Temple   | Entered the Ecumenical Temple
  2925 | D:5      | Reached skill level 6 in Fighting
  3220 | D:5      | Found a sand-covered staircase.
  3227 | Ossuary  | Entered an ossuary
  3314 | Ossuary  | Reached skill level 1 in Dodging
  3693 | D:5      | Reached XP level 8. HP: 55/71 MP: 7/7
  4221 | D:6      | Noticed Blork the orc
  4228 | D:6      | Killed Blork the orc
  4230 | D:6      | Acquired 770 gold pieces
  4263 | D:6      | Reached skill level 7 in Fighting
  4956 | D:6      | Noticed Prince Ribbit
  4961 | D:6      | Reached XP level 9. HP: 77/81 MP: 8/8
  4962 | D:6      | Reached skill level 8 in Fighting
  4972 | D:6      | Killed Prince Ribbit
  5130 | D:7      | Reached skill level 5 in Dodging
  5510 | D:7      | Noticed Duvessa
  5512 | D:7      | Noticed Dowan
  5518 | D:7      | Killed Dowan
  5521 | D:7      | Killed Duvessa
  5614 | D:7      | Reached skill level 9 in Fighting
  6267 | D:8      | Reached XP level 10. HP: 91/91 MP: 9/9
  6662 | D:9      | Found a sparkling altar of Nemelex Xobeh.
  6696 | D:9      | Noticed a two-headed ogre
  6706 | D:9      | Killed a two-headed ogre
  6707 | D:9      | Reached skill level 10 in Fighting
  6707 | D:9      | Reached skill level 10 in Shields
  6943 | D:9      | Found a flagged portal.
  6949 | D:9      | Identified the +2 halberd of Ighez {spect, Str+4 Int+4
                  | Stlth-}
  6952 | Bailey   | Entered a bailey
  7101 | Bailey   | Reached skill level 1 in Evocations
  7336 | Bailey   | Noticed an orc knight
  7366 | Bailey   | Reached skill level 10 in Axes
  7425 | Bailey   | Killed an orc knight
  7831 | D:9      | Noticed a two-headed ogre
  7840 | D:9      | Killed a two-headed ogre
  8121 | D:9      | Reached XP level 11. HP: 76/101 MP: 10/10
  8196 | D:9      | Found a sparkling altar of Nemelex Xobeh.
  8369 | D:10     | Entered Level 10 of the Dungeon
  8435 | D:10     | Found a staircase to the Lair.
  8508 | D:10     | Noticed a two-headed ogre
  8515 | D:10     | Killed a two-headed ogre
  8516 | D:10     | Reached skill level 11 in Fighting
  8628 | D:10     | Found a portal to a secret trove of treasure.
  8693 | D:10     | Noticed Erica
  8703 | D:10     | Killed Erica
  9110 | D:10     | Identified the +9 great sword of the Boiling Point {vorpal,
                  | rElec Stlth+}
  9110 | D:10     | Found an ancient bone altar of Kikubaaqudgha.
  9198 | D:10     | Found a snail-covered altar of Cheibriados.
  9202 | D:10     | Found a burning altar of Makhleb.
  9203 | D:10     | Found an iron altar of Okawaru.
  9342 | D:10     | Became a worshipper of Warmaster Okawaru
  9612 | D:11     | Reached skill level 10 in Armour
  9619 | D:11     | Reached * piety under Okawaru
  9796 | D:11     | Noticed Lodul
  9817 | D:11     | Killed Lodul
  9818 | D:11     | Reached skill level 1 in Invocations
  9823 | D:11     | Reached ** piety under Okawaru
 10044 | D:11     | You fall into a shaft and drop 1 floor!
 10297 | D:11     | Found a staircase to the Orcish Mines.
 10320 | D:11     | Noticed Amaemon
 10343 | D:11     | Killed Amaemon
 10344 | D:11     | Reached skill level 5 in Evocations
 10347 | D:11     | Reached skill level 12 in Fighting
 10901 | Lair:1   | Entered Level 1 of the Lair of Beasts
 11028 | Lair:1   | Reached *** piety under Okawaru
 11134 | Lair:1   | Reached XP level 12. HP: 94/112 MP: 12/12
 11855 | Lair:2   | Reached **** piety under Okawaru
 12202 | Lair:2   | Reached ***** piety under Okawaru
 12203 | Lair:2   | Reached skill level 13 in Fighting
 12705 | Lair:2   | Found a hole to the Spider Nest.
 13312 | Lair:2   | Acquired 723 gold pieces
 13583 | Lair:3   | Noticed a seven-headed hydra
 13594 | Lair:3   | Killed a seven-headed hydra
 13910 | Lair:3   | Identified the +10 demon trident "Bicurphi" {pain, rElec
                  | Will+ Stlth+} (Okawaru gifted it to you on level 3 of the
                  | Lair of Beasts)
 13910 | Lair:3   | Received a gift from Okawaru
 13974 | Lair:3   | Noticed Sonja
 13982 | Lair:3   | Killed Sonja
 14189 | Lair:3   | Found a staircase to the Swamp.
 14203 | Lair:3   | Reached skill level 14 in Fighting
 14678 | Lair:4   | Reached skill level 1 in Unarmed Combat
 14680 | Lair:4   | Reached XP level 13. HP: 79/124 MP: 13/13
 14898 | Lair:4   | Reached ****** piety under Okawaru
 14987 | Lair:4   | Found a transporter.
 15000 | Lair:4   | Found a staircase to the Slime Pits.
 15167 | Lair:4   | Identified the amulet "Ojecetru" {Faith *Slow rCorr MP+9}
 15190 | Lair:4   | Received a gift from Okawaru
 15268 | Lair:4   | Found a transporter.
 15362 | Lair:4   | Noticed Lennethare's ghost (journeyman DrNe)
 15800 | Lair:4   | Reached skill level 5 in Unarmed Combat
 15954 | Lair:4   | Killed Lennethare's ghost
 16110 | Lair:5   | Entered Level 5 of the Lair of Beasts
 16120 | Lair:5   | Received a gift from Okawaru
 16244 | Lair:5   | Reached skill level 10 in Dodging
 16248 | Lair:5   | Reached skill level 15 in Fighting
 16268 | Lair:5   | HP: 6/126 [yak (12)]
 16535 | Lair:5   | Identified the +1 buckler of Piqergh {rC+} (Okawaru gifted
                  | it to you on level 5 of the Lair of Beasts)
 16535 | Lair:5   | Received a gift from Okawaru
 16665 | Lair:5   | Reached skill level 15 in Axes
 16742 | Lair:5   | Reached XP level 14. HP: 38/135 MP: 16/16
 17152 | Lair:5   | Found the +1 robe of Vines {NoPotionHeal Regen++++}
 18185 | Orc:1    | Entered Level 1 of the Orcish Mines
 18410 | Orc:1    | Noticed an orc warlord
 18443 | Orc:1    | Killed an orc warlord
 18444 | Orc:1    | Reached skill level 5 in Invocations
 18650 | Orc:2    | Entered Level 2 of the Orcish Mines
 18666 | Orc:1    | Identified the +0 hat of Fufoweq {rElec rPois rC++ Dex-3}
                  | (Okawaru gifted it to you on level 1 of the Orcish Mines)
 18666 | Orc:1    | Received a gift from Okawaru
 18720 | Orc:1    | Noticed Harold
 18725 | Orc:1    | Killed Harold
 19138 | Orc:2    | Found a staircase to the Elven Halls.
 19280 | Orc:2    | Reached skill level 10 in Unarmed Combat
 19395 | Orc:2    | Reached skill level 16 in Fighting
 19396 | Orc:2    | Noticed an orc warlord
 19421 | Orc:2    | Killed an orc warlord
 19427 | Orc:2    | Found Fitec's Distillery.
 19431 | Orc:2    | Found Winarer's Magic Scroll Boutique.
 19473 | Orc:2    | Bought a scroll of identify for 28 gold pieces
 19473 | Orc:2    | Bought 2 scrolls of identify for 56 gold pieces
 19477 | Orc:2    | Bought a potion of haste for 180 gold pieces
 19477 | Orc:2    | Bought a potion of mutation for 144 gold pieces
 19477 | Orc:2    | Bought a potion of experience for 900 gold pieces
 19477 | Orc:2    | Bought a potion of heal wounds for 90 gold pieces
 19486 | Orc:2    | Reached XP level 15. HP: 144/144 MP: 18/18
 19487 | Orc:2    | Reached skill level 17 in Fighting
 19487 | Orc:2    | Reached XP level 16. HP: 155/155 MP: 19/19
 19763 | Orc:2    | Found Pisaggech's Magic Scroll Shop.
 19822 | Orc:2    | Bought a scroll of brand weapon for 171 gold pieces
 19822 | Orc:2    | Bought a scroll of blinking for 135 gold pieces
 19822 | Orc:2    | Bought a scroll of blinking for 135 gold pieces
 19822 | Orc:2    | Bought a scroll of enchant armour for 135 gold pieces
 19870 | Orc:2    | Found Locogueb's General Store.
 19876 | Orc:2    | Bought a scroll of fog for 60 gold pieces
 19876 | Orc:2    | Bought a condenser vane for 600 gold pieces
 19876 | Orc:2    | Bought a scroll of poison for 60 gold pieces
 19876 | Orc:2    | Bought a potion of resistance for 150 gold pieces
 19876 | Orc:2    | Bought a scroll of magic mapping for 112 gold pieces
 19876 | Orc:2    | Bought a wand of flame (2) for 21 gold pieces
 20052 | D:12     | Noticed Fannar
 20053 | D:12     | Noticed Kirke
 20079 | D:11     | Received a gift from Okawaru
 20399 | D:12     | Found a transporter.
 20406 | D:12     | Noticed jejorda2's ghost (journeyman MfBe)
 20485 | D:12     | Killed Fannar
 20614 | D:12     | Noticed Gastronok
 20634 | D:12     | Killed Gastronok
 21149 | D:12     | Found a transporter.
 21218 | D:12     | Killed jejorda2's ghost
 21474 | D:12     | Killed Kirke
 21475 | D:12     | Reached XP level 17. HP: 145/163 MP: 21/21
 21651 | D:13     | Received a gift from Okawaru
 21871 | D:13     | Found a gate to the Vaults.
 21916 | D:13     | Reached skill level 18 in Fighting
 22028 | D:13     | Identified the ring of Due Proportion {Fire Dex+7}
 22050 | D:13     | Found a transporter.
 22102 | D:13     | Found the +7 great mace "Undeadhunter" {disrupt, rN+}
 22432 | D:13     | Found a transporter.
 22517 | D:13     | Identified the +0 hat of Going Fast {-Cast rN+ Str+2}
                  | (Okawaru gifted it to you on level 13 of the Dungeon)
 22517 | D:13     | Received a gift from Okawaru
 22647 | D:13     | Identified the ring "Samuz" {rElec rPois rF- rCorr SInv}
 22678 | D:13     | Identified the amulet "Gaorank" {Spirit Fragile rN++
                  | Stlth+}
 23085 | D:14     | Noticed Roxanne
 23089 | Arena    | Entered the Arena
 23105 | Arena    | Killed Roxanne
 23242 | D:14     | Found an opulent altar of Gozag.
 23556 | D:14     | Found a large runed translucent door.
 23560 | D:14     | Found a large runed translucent door.
 23915 | D:14     | Paralysed by an air elemental for 1 turns
 23974 | D:15     | Entered Level 15 of the Dungeon
 24146 | D:15     | Reached skill level 19 in Fighting
 24209 | D:15     | HP: 8/168 [two-headed ogre/+0 giant spiked club (21)]
 24211 | D:15     | Paralysed by something for 2 turns
 24212 | D:15     | HP: 3/168 [two-headed ogre/+0 giant spiked club (8)]
 24213 | D:15     | Mangled by a two-headed ogre

Illustrated notes

Levels and vault maps discovered:
D:1:      dpeg_arrival_ratfight, layout_loops_corners,
          nicolae_ecumenical_snake_handling, wad_floor_pattern_untrapped
D:2:      layout_rooms, basic_altar, item_on_display_a, uniq_sigmund
D:3:      layout_rooms, serial_forest, infiniplex_forest_corner_1,
          infiniplex_forest_end_2, infiniplex_forest_end_1,
          infiniplex_forest_straight_2, infiniplex_forest_diagonal,
          infiniplex_forest_straight_4, infiniplex_forest_straight_4,
          infiniplex_forest_clump_large, st_stairs_2
D:4:      layout_basic, minmay_misc_feat_secret_circle, uniq_eustachio
D:5:      layout_basic, minmay_temple_entry_mini_moons,
          gup_ossuary_entry_pyramid, lemuel_flame_loot_1
D:6:      layout_gridville, uniq_blork_the_orc, uniq_prince_ribbit1
D:7:      kennysheep_six_static_rooms, layout_rooms,
          chequers_serial_rivers_micro_a, uniq_duvessa
D:8:      layout_rooms
D:9:      corexii_shack_village, layout_basic, nemelex_spade_bored_becter,
          enter_bailey_2, kennysheep_diamond, hangedman_decor_riveting
D:10:     layout_roguey, minitemple, lair_entry_dummy, trove_entry_hex_spiral,
          uniq_erica
D:11:     layout_loops_ring, orc_0_dummy, lemuel_old_faithful, uniq_lodul,
          uniq_amaemon
D:12:     layout_cave_pools, gammafunk_ghost_berserking_beasts, minivault_1,
          drop_trap, uniq_fannar, uniq_kirke, uniq_gastronok
D:13:     gammafunk_dig_for_victory, layout_long_grid,
          grunt_vaults_entry_fortified
D:14:     layout_layer_cave, nicolae_gozag_cash_rules_everything_around_me,
          lightli_elemental_guards, uniq_roxanne
D:15:     hangedman_slaughterboxes
Temple:   sentei_temple_godly_chess
Lair:1:   layout_small_grid, st_stairs_4, beast_lair_carwin_5,
          serial_bayou_shore_b, lemuel_fruit_tree, grunt_megastairs_2
Lair:2:   layout_layer_cave, spider_nest_entry_web_field,
          infiniplex_staircase_pool_2, lemuel_fruit_fields,
          serial_bayou_shore_b, grunt_megastairs_3
Lair:3:   layout_hall_layers, minmay_swamp_entry_reptiles, uniq_sonja
Lair:4:   layout_cave_pods, slime_entry_1, nzn_ghost_randoct
Lair:5:   minmay_lair_end_frog_pond, layout_cellular_growth,
          small_statue_intersection, hellmonk_guarded_unrand_vines
Orc:1:    layout_diamond_mine, uniq_harold
Orc:2:    hellmonk_orc_salted, layout_diamond_mine

Skill      XL: |  1  2  3  4  5  6  7  8  9 10 11 12 13 14 15 16 17 |
---------------+----------------------------------------------------+-----
Armour         | 4 5 6 7 9 10 11 12 13 | 13.6
Fighting       | 4 5 6 7 9 10 12 14 15 16 17 19 | 19.1
Shields        | 4 5 6 7 9 10 | 10.0
Axes           | 3 4 5 6 7 8 10 11 13 15 17 18 | 18.0
Dodging        | 2 4 5 8 10 | 10.4
Evocations     | 3 5 |  5.1
Invocations    | 2 4 6 8 |  8.5
Unarmed Combat | 1 8 10 11 13 | 13.7

Action                   |  1- 3 |  4- 6 |  7- 9 | 10-12 | 13-15 | 16-18 || total
-------------------------+-------+-------+-------+-------+-------+-------++-------
Melee: War axe           |    62 |    54 |       |       |       |       ||   116
       Headbutt          |     4 |    13 |    46 |    82 |    99 |    73 ||   317
       Broad axe         |       |    60 |   243 |   395 |   414 |   273 ||  1385
       Demon whip        |       |       |       |     7 |    57 |    35 ||    99
       Unarmed           |       |       |       |       |       |    14 ||    14
Invok: Heroism           |       |       |       |       |     5 |     5 ||    10
       Finesse           |       |       |       |       |     1 |     4 ||     5
       Duel              |       |       |       |       |       |     1 ||     1
Evoke: Wand              |       |       |       |     2 |       |     6 ||     8
  Use: Scroll            |     5 |     4 |     5 |    19 |     4 |     7 ||    44
       Potion            |     1 |       |       |       |     5 |     4 ||    10
 Stab: Invisible         |       |     1 |       |       |       |     5 ||     6
       Distracted        |       |       |       |       |       |     1 ||     1
Armor: Scale mail        |    31 |    15 |       |       |       |       ||    46
       Ring mail         |       |    19 |   105 |   120 |   101 |    15 ||   360
       Plate armour      |       |       |       |       |       |   191 ||   191
Dodge: Dodged            |    31 |    66 |   151 |   276 |   276 |   180 ||   980
       Repelled          |       |       |     1 |     4 |     2 |     2 ||     9
Block: Buckler           |    11 |    22 |    69 |   131 |   128 |   130 ||   491

Table legend: (Time is in decaauts)
 A = Elapsed time spent in this place.
 B = Non-inter-level travel time spent in this place.
 C = Inter-level travel time spent in this place.
 D = Time resting spent in this place.
 E = Time spent auto-exploring this place.
 F = Levels seen in this place.
 G = Mean time per level.
                   A        B        C        D        E       F      G
               +--------+--------+--------+--------+--------+-----+--------+
         Total |  24184 |  22429 |   1755 |   2012 |  16322 |  26 |  930.2 |
       Dungeon |  13768 |  12927 |    841 |   1107 |   9299 |  15 |  917.9 |
        Temple |     17 |     17 |      0 |      0 |      0 |   1 |   17.0 |
          Lair |   7405 |   6961 |    444 |    564 |   5542 |   5 | 1481.0 |
  Orcish Mines |   2107 |   1637 |    470 |      5 |   1244 |   2 | 1053.5 |
       Ossuary |    240 |    240 |      0 |     66 |    104 |   1 |  240.0 |
        Bailey |    619 |    619 |      0 |    257 |    132 |   1 |  619.0 |
         Arena |     24 |     24 |      0 |     13 |      0 |   1 |   24.0 |
               +--------+--------+--------+--------+--------+-----+--------+

Top non-repeatable levels by time:
  Lair:4: 1771 daAuts
  Lair:5: 1735 daAuts
  Lair:2: 1668 daAuts
    D:11: 1429 daAuts
   Orc:2: 1332 daAuts
  Lair:3: 1299 daAuts
    D:10: 1297 daAuts
    D:13: 1224 daAuts
    D:14: 1181 daAuts
     D:9: 1177 daAuts
     D:5: 1155 daAuts
     D:1: 998 daAuts
  Lair:1: 930 daAuts
     D:6: 914 daAuts
     D:7: 908 daAuts
